 Dungeon Crawl Stone Soup version 0.23.1 (webtiles) character file.

Game seed: 15284894585392128413

72 Kniotic the Insei (level 4, -1/35 HPs)
             Began as a Demonspawn Monk on Mar 2, 2019.
             Slain by Jessica
             ... wielding a +0 club
              (5 damage)
             ... on level 3 of the Dungeon.
             The game lasted 00:01:19 (2196 turns).

Kniotic the Insei (Demonspawn Monk)                 Turns: 2196, Time: 00:01:19

Health: -1/35      AC:  5    Str: 11    XL:     4   Next: 6%
Magic:  4/4        EV: 13    Int: 11    God:
Gold:   76         SH:  0    Dex: 17    Spells: 3/3 levels left

rFire    + . .     SeeInvis .     - Unarmed
rCold    . . .     Gourm    .   (no shield)
rNeg     . . .     Faith    .   a - +0 robe
rPois    .         Spirit   .   (no helmet)
rElec    .         Reflect  .   (no cloak)
rCorr    .         Harm     .   k - +0 pair of gloves
MR       .....                  (no boots)
Stlth    ++........             (no amulet)
HPRegen  0.11/turn              (no ring)
MPRegen  0.09/turn              (no ring)

@: no status effects
A: yellow scales 1, fire resistance 1
a: no special abilities


You were on level 3 of the Dungeon.
You were not hungry.

You visited 1 branch of the dungeon, and saw 3 of its levels.

You collected 76 gold pieces.

Inventory:

Armour
 a - a +0 robe (worn)
 k - a +0 pair of gloves (worn)
Scrolls
 d - 3 scrolls of remove curse {unknown}
 e - 2 scrolls of identify {unknown}
 f - 4 scrolls of teleportation {unknown}
 g - a scroll of enchant weapon {unknown}
 i - a scroll of fear {unknown}
 l - 2 scrolls of enchant armour {unknown}
 n - a scroll of magic mapping {unknown}
Potions
 c - 2 potions of lignification {unknown}
 h - a potion of heal wounds {unknown}
 j - a potion of magic {unknown}
 m - a potion of might {unknown}
Comestibles
 b - 3 rations
 o - 3 chunks of flesh


   Skills:
 - Level 3.0 Fighting
 - Level 2.6 Dodging
 - Level 1.7 Stealth
 + Level 4.5 Unarmed Combat


You had 3 spell levels left.
You didn't know any spells.
Your spell library was empty.

Dungeon Overview and Level Annotations

Branches:
Dungeon (3/15)

Altars:
Sif Muna

Annotations:
D:3 Jessica


Innate Abilities, Weirdness & Mutations

You are partially covered in yellow scales. (AC +2)
Your flesh is heat resistant. (rF+)


Message History

The jackal barely misses you.
You punch the jackal!
You kill the jackal!
The jackal closely misses you.
You punch the jackal!
You kill the jackal!
Jessica barely misses you.
Things that are here:
a jackal corpse x3
You hit Jessica but do no damage. Jessica casts a spell at you.
Pain shoots through your body!
* * * LOW HITPOINT WARNING * * *
You closely miss Jessica. Jessica hits you with a +0 club.
* * * LOW HITPOINT WARNING * * *
The jackal barks!
You hit Jessica.
Jessica is moderately wounded.
Jessica hits you with a +0 club.
You die...

####### ##
..@.h.h#.# #h#
#รท#
.########h####
......h..h..h#
.########.##@#
#.##@# #.##.#
..##.# ####.#
#.# #.# #.#
#.# #.#


You could see Jessica and a jackal.

Vanquished Creatures
  2 adders
  An adder zombie (D:3)
  A worm (D:3)
  A dart slug (D:2)
  2 leopard geckos
  4 orcs (D:3)
  5 giant cockroaches
  A goblin (D:1)
  6 hobgoblins
  3 jackals (D:3)
  2 ball pythons (D:1)
  A bat (D:2)
  A frilled lizard (D:2)
  5 kobolds
  3 rats
38 creatures vanquished.

Notes
Turn   | Place    | Note
-------+----------+-------------------------------------------
     0 | D:1      | Kniotic the Demonspawn Monk began the quest for the Orb.
     0 | D:1      | Reached XP level 1. HP: 18/18 MP: 1/1
   141 | D:1      | Reached skill level 3 in Unarmed Combat
   304 | D:1      | Gained mutation: You are partially covered in yellow
                  | scales. (AC +2) [demonic ancestry]
   304 | D:1      | Reached XP level 2. HP: 22/24 MP: 2/2
  1443 | D:2      | Reached XP level 3. HP: 24/29 MP: 3/3
  1591 | D:2      | Reached skill level 4 in Unarmed Combat
  2027 | D:3      | Found a deep blue altar of Sif Muna.
  2162 | D:3      | Noticed Jessica
  2180 | D:3      | Gained mutation: Your flesh is heat resistant. (rF+)
                  | [demonic ancestry]
  2180 | D:3      | Reached XP level 4. HP: 17/35 MP: 4/4
  2196 | D:3      | Slain by Jessica

Skill      XL: |  1  2  3 |
---------------+----------+-----
Unarmed Combat | 3 4 |  4.5
Fighting       | |  3.0
Dodging        | |  2.6
Stealth        | |  1.7

Action                   |  1- 3 |  4- 6 || total
-------------------------+-------+-------++-------
Melee: Unarmed           |   161 |     8 ||   169
       Punch             |     2 |       ||     2
 Stab: Sleeping          |     8 |       ||     8
  Eat: Chunk             |     4 |       ||     4
Armor: Robe              |    32 |     2 ||    34
Dodge: Dodged            |    85 |     6 ||    91
